 Dungeon Crawl Stone Soup version 0.18.1-50-g88ac8fd (webtiles) character file.

12 Nordron the Insei (level 2, 0/18 HPs)
             Began as an Octopode Transmuter on Sept 24, 2016.
             Slain by a jackal (1 damage)
             ... on level 1 of the Dungeon.
             The game lasted 00:01:31 (133 turns).

Nordron the Insei (Octopode Transmuter)              Turns: 133, Time: 00:01:31

Health: 0/18       AC:  1    Str:  9    XL:     2   Next: 33%
Magic:  4/5        EV: 12    Int: 15    God:
Gold:   0          SH:  0    Dex: 12    Spells: 1 memorised, 4 levels left

rFire  . . .     SeeInvis .     g - +0 club
rCold  . . .     Gourm    .     (no shield)
rNeg   . . .     Faith    .     (helmet restricted)
rPois  .         Spirit   .     (no amulet)
rElec  .         Dismiss  .     (no ring)
rCorr  .         Reflect  .     (no ring)
SustAt .         Harm     .     (no ring)
MR     .....                    (no ring)
Stlth  ++........               (no ring)
                                (no ring)
                                (no ring)
                                (no ring)

@: appendage, not resistant to hostile enchantments, unstealthy
A: almost no armour, amphibious, 8 rings, constrict 8, tentacle spike 3,
camouflage 1, gelatinous body 1
a: End Transformation


You were on level 1 of the Dungeon.
You were not hungry.
One of your tentacles had a temporary spike.
You visited 1 branch of the dungeon, and saw 1 of its levels.

Inventory:

Hand Weapons
 g - a +0 club (weapon)
Missiles
 a - 12 arrows
Scrolls
 d - 2 scrolls of identify {unknown}
 e - a scroll of amnesia {unknown}
Potions
 h - a potion of magic {unknown}
 i - a potion of degeneration {unknown}
Books
 b - a book of Changes

   Spells                             Type                      Level
   a - Beastly Appendage              Transmutation                1
   b - Sticks to Snakes               Transmutation                2
   c - Spider Form                    Transmutation/Poison         3
   d - Ice Form                       Ice/Transmutation            4
   e - Blade Hands                    Transmutation                5
Comestibles
 c - a bread ration
 f - 9 chunks of flesh


   Skills:
 + Level 1.0 Fighting
 - Level 2.0 Dodging
 - Level 3.3 Unarmed Combat
 - Level 2.1 Spellcasting
 * Level 2.2 Transmutations


You had 4 spell levels left.
You knew the following spells:

 Your Spells              Type           Power        Failure   Level  Hunger
a - Beastly Appendage     Trmt           #.....       12%         1    #......


Dungeon Overview and Level Annotations

Branches:
Dungeon (1/15)

Altars:


Innate Abilities, Weirdness & Mutations

You cannot wear most types of armour.
You are amphibious.
You can wear up to eight rings at the same time.
You can use your tentacles to constrict eight enemies at once.
Your skin changes colour to match your surroundings (Stealth).
Your rubbery body absorbs attacks (AC +1).
One of your tentacles bears a large vicious spike.


Message History

You pierce the giant gecko, but do no damage.
Your squeeze misses the giant gecko. The giant gecko barely misses you.
You hit the giant gecko. Your grab misses the giant gecko.
The giant gecko is severely wounded.
The giant gecko bites you.
* * * LOW HITPOINT WARNING * * *
The giant gecko closely misses you.
You miss the giant gecko. Your grab misses the giant gecko.
The giant gecko is severely wounded.
The giant gecko barely misses you.
The jackal barks!
You hit the giant gecko.
You kill the giant gecko!
The jackal bites you.
* * * LOW HITPOINT WARNING * * *
You see here a jackal corpse.
You miss the jackal. Your grab misses the jackal. The jackal bites you.
* * * LOW HITPOINT WARNING * * *
The jackal bites you.
You die...

...#...######### #.#
................# #.#
#.######...#####.# #)#
#........#.#.....###.#
########..#.#.........#
..........#.#.....#####
########...#.#...#.#
#......>h........#.#
#.#####@#.##...#.#.#
#...................
##....######...###.#
#....# #.... ..# #)...#
#. . ### #...†# #....#
######


You could see a jackal.

Vanquished Creatures
  A dart slug (D:1)
  A giant gecko (D:1)
  A goblin (D:1)
  A hobgoblin (D:1)
  A jackal (D:1)
  2 bats (D:1)
  A giant newt (D:1)
  A rat (D:1)
9 creatures vanquished.

Notes
Turn   | Place    | Note
--------------------------------------------------------------
     0 | D:1      | Nordron the Octopode Transmuter began the quest for the Orb.
     0 | D:1      | Reached XP level 1. HP: 13/13 MP: 3/3
   114 | D:1      | Reached XP level 2. HP: 16/18 MP: 3/5
   133 | D:1      | Slain by a jackal

Action                   || total
-------------------------++-------
Melee: Club              ||    18
       Constrict         ||     6
       Unarmed           ||     4
       Tentacles         ||     3
       Kick              ||     4
 Cast: Beastly Appendage ||     6
 Stab: Sleeping          ||     1
Dodge: Dodged            ||    13
